 Dungeon Crawl Stone Soup version 0.29-a0-512-gf59ac788ac (webtiles) character file.

Game seed: 3708513077266416782

3407 kyalle the Fighter (level 9, -9/86 HPs)
             Began as a Minotaur Fighter on May 29, 2022.
             Was a Follower of the Shining One.
             Mangled by a two-headed ogre
             ... wielding a +0 giant spiked club
              (16 damage)
             ... on level 8 of the Dungeon.
             The game lasted 00:25:25 (8151 turns).

kyalle the Fighter (Minotaur Fighter)               Turns: 8151, Time: 00:25:26

Health: -9/86      AC: 24    Str: 31    XL:     9   Next: 75%
Magic:  8/8        EV:  6    Int:  5    God:    the Shining One [*.....]
Gold:   194        SH: 11    Dex: 15    Spells: 8/8 levels left

rFire   . . .      SeeInvis +   h - +0 flail (protect)
rCold   . . .      Faith    .   A - +0 kite shield
rNeg    . . .      Spirit   .   o - +0 plate armour
rPois   .          Reflect  .   (helmet restricted)
rElec   .          Harm     .   r - +0 cloak "Waexkuop" {Str+6 Dex+2 SInv}
rCorr   .          Rampage  .   F - +0 pair of gloves {Dex+3}
Will    .....                   w - +0 pair of boots
Stlth   ..........              (no amulet)
HPRegen 0.24/turn               (no ring)
MPRegen 0.11/turn               (no ring)

@: under a protective aura, hasted, glowing, very quick
A: horns 2, retaliatory headbutt
a: Renounce Religion, Divine Shield


You were on level 8 of the Dungeon.
You worshipped the Shining One.
The Shining One was aware of your devotion.
You visited 2 branches of the dungeon, and saw 9 of its levels.

You collected 404 gold pieces.
You spent 210 gold pieces at shops.

Inventory:

Hand Weapons
 a - a +0 trident
 f - a +2 short sword of speed
 h - a +0 flail of protection (weapon)
 v - a +4 trident
Missiles
 y - 6 boomerangs (quivered)
Armour
 c - a +0 buckler
 o - a +0 plate armour (worn)
 r - the +0 cloak "Waexkuop" (worn) {Str+6 Dex+2 SInv}
   (You found it on level 2 of the Dungeon)

   Str:       It affects your strength (+6).
   Dex:       It affects your dexterity (+2).
   SInv:      It lets you see invisible.
 w - a +0 pair of boots (worn)
 A - a +0 kite shield (worn)
 F - a +0 pair of gloves of dexterity (worn)
Jewellery
 D - a ring of wizardry
Wands
 q - a wand of iceblast (7)
 B - a wand of polymorph (6)
Scrolls
 b - 2 scrolls of fog
 d - 5 scrolls of teleportation
 m - a scroll of vulnerability
 p - 2 scrolls of immolation
 z - a scroll of blinking
Potions
 e - 4 potions of curing
 g - a potion of degeneration
 i - 2 potions of mutation
 k - 3 potions of lignification
 l - a potion of might
 n - 2 potions of brilliance
 s - a potion of magic {unknown}
 t - a potion of haste
 u - a potion of invisibility {unknown}
 x - a potion of attraction
 C - a potion of heal wounds {unknown}
 E - 2 potions of flight {unknown}


   Skills:
 * Level 10.4 Fighting
 - Level 7.7 Short Blades
 * Level 4.1 Maces & Flails
 - Level 2.4 Polearms
 + Level 7.6 Armour
 + Level 7.8 Shields


You had 8 spell levels left.
You didn't know any spells.
Your spell library contained the following spells:

 Spells                   Type           Power      Damage    Failure   Level
 Sublimation of Blood     Necr           0%         N/A       100%        2
 Wereblood                Tmut           0%         N/A       100%        2
 Summon Hydra             Summ           0%         N/A       100%        7


Dungeon Overview and Level Annotations

Branches:
Dungeon (8/15)             Temple (1/1) D:4
   Lair: D:8-11

Altars:
Ashenzari
Cheibriados
Dithmenos
Fedhas
Gozag
Hepliaklqana
Kikubaaqudgha
Makhleb
Nemelex Xobeh
Okawaru
Qazlal
Sif Muna
Trog
Uskayaw
Vehumet
Wu Jian
Xom
Yredelemnul
Zin
The Shining One

Shops:
D:2 [([[!   D:7 [


Innate Abilities, Weirdness & Mutations

You have a pair of horns on your head.
You reflexively headbutt those who attack you in melee.


Message History

The hornet is severely wounded.
You are no longer corroded.
You feel sick. You block the hornet's attack.
The hornet stings you but does no damage.
A kobold brigand comes into view.
It is wielding a +0 dagger and quivering curare-tipped darts.
The hornet stings you!
* * * LOW HITPOINT WARNING * * *
You are more poisoned.
You feel as though you will be slow longer.
You thump the hornet!
You kill the hornet!
You feel very sick.
The two-headed ogre hits you but does no damage.
You block the two-headed ogre's attack.
Your Maces & Flails skill increases to level 4!
You hit the two-headed ogre.
You headbutt the two-headed ogre, but do no damage.
The two-headed ogre is lightly wounded.
You feel yourself speed up.
You feel very sick. The two-headed ogre barely misses you.
You block the two-headed ogre's attack.
You sock the two-headed ogre!
You headbutt the two-headed ogre, but do no damage.
The two-headed ogre is moderately wounded.
You feel sick. The two-headed ogre barely misses you.
The two-headed ogre hits you with a +0 giant spiked club!
* * * LOW HITPOINT WARNING * * *
You feel yourself speed up.
You feel sick.
The sky beast flickers out of sight for a moment.
The two-headed ogre completely misses you.
You block the two-headed ogre's attack.
You sock the two-headed ogre!
The two-headed ogre is heavily wounded.
You feel sick.
You hit the two-headed ogre.
The two-headed ogre is heavily wounded.
You feel sick.
You are no longer poisoned.
The two-headed ogre hits you with a +0 giant spiked club!
You die...

♣... #.♣ #..
..#... ..♣#.♣
#.##+#..#...
♣Y♣.♣♣♣♣#.......#
# ♣!............#
♣.♣.♣♣♣♣#.....# .y
#hK♣♣ #.....# ♣..
#Yc.♣ #.....######
#.♣
#O♣..♣#.....+.....
#
#@♣♣..#.....######
#♣.♣♣.#..#'#.....#
♣.♣♣#..........+
## #..#.#.....#
###.........
##########


You could see a two-headed ogre, a sky beast (invisible), a kobold brigand, a
centaur and a howler monkey.

Vanquished Creatures
  The ghost of SirDiesAlot the Shield-Bearer, an amateur MiFi (D:3)
  A hornet (D:8)
  Sigmund (D:2)
  A wyvern (D:8)
  A steam dragon (D:6)
  A water moccasin (D:7)
  4 sky beasts
  An ice beast (D:5)
  An ogre (D:5)
  2 centaurs
  A phantom (D:6)
  A kobold brigand (D:6)
  2 bullfrogs
  2 necrophages (D:6)
  2 gnoll sergeants
  4 scorpions
  A howler monkey (D:6)
  3 hounds
  Crazy Yiuf (D:2)
  An orc priest (D:7)
  4 jellies
  8 iguanas
  5 orc wizards (D:7)
  Robin (D:3)
  12 adders
  14 gnolls
  A shadow imp (D:7)
  An ufetubus (D:5)
  3 worms
  4 dart slugs
  11 orcs
  5 endoplasms
  3 giant cockroaches
  20 goblins
  9 hobgoblins
  6 jackals
  10 kobolds
  A quokka (D:1)
  5 ball pythons
  8 bats
  6 rats
169 creatures vanquished.

Notes
Turn   | Place    | Note
-------+----------+-------------------------------------------
     0 | D:1      | kyalle the Minotaur Fighter began the quest for the Orb.
     0 | D:1      | Reached XP level 1. HP: 19/19 MP: 0/0
   198 | D:1      | Reached XP level 2. HP: 13/27 MP: 1/1
   374 | D:1      | Reached skill level 4 in Fighting
   374 | D:1      | Reached skill level 1 in Short Blades
   815 | D:1      | Reached XP level 3. HP: 32/33 MP: 2/2
  1099 | D:2      | Noticed Sigmund
  1137 | D:2      | Killed Sigmund
  1138 | D:2      | Reached skill level 5 in Fighting
  1138 | D:2      | Reached XP level 4. HP: 8/42 MP: 3/3
  1138 | D:2      | Reached XP level 5. HP: 9/48 MP: 4/4
  1383 | D:2      | Found Dygoc's Distillery.
  1498 | D:2      | Found Zioc's Antique Armour Boutique.
  1781 | D:2      | Identified the +0 cloak "Waexkuop" {Str+6 Dex+2 SInv}
  1872 | D:2      | Found Gedy's Antique Weapon Shop.
  1895 | D:2      | Found Neduhuzu's Armour Emporium.
  1929 | D:2      | Found a runed translucent door.
  1930 | D:2      | Noticed Crazy Yiuf
  1938 | D:2      | Killed Crazy Yiuf
  1969 | D:2      | Found a radiant altar of Vehumet.
  1972 | D:2      | Found Ekhlinaas's Armour Boutique.
  2090 | D:2      | Found a faded altar of an unknown god.
  2182 | D:2      | Reached XP level 6. HP: 55/56 MP: 5/5
  2438 | D:3      | Found a runed translucent door.
  2442 | D:3      | Noticed SirDiesAlot's ghost (amateur MiFi)
  2502 | D:3      | Killed SirDiesAlot's ghost
  2503 | D:3      | Reached skill level 6 in Fighting
  2503 | D:3      | Reached skill level 5 in Armour
  2503 | D:3      | Reached skill level 5 in Shields
  2503 | D:3      | Reached XP level 7. HP: 15/64 MP: 6/6
  2879 | D:3      | Found a runed translucent door.
  3273 | D:3      | Noticed Robin
  3285 | D:3      | Killed Robin
  3849 | D:4      | Found a staircase to the Ecumenical Temple.
  3858 | Temple   | Entered the Ecumenical Temple
  3892 | Temple   | Became a worshipper of the Shining One
  4604 | D:4      | Reached skill level 7 in Fighting
  4679 | D:4      | Reached skill level 5 in Short Blades
  4789 | D:5      | Entered Level 5 of the Dungeon
  5079 | D:5      | Reached XP level 8. HP: 38/73 MP: 7/7
  5558 | D:6      | Reached skill level 8 in Fighting
  6144 | D:6      | Reached * piety under the Shining One
  6447 | D:6      | Reached skill level 9 in Fighting
  6447 | D:6      | Reached XP level 9. HP: 79/83 MP: 8/8
  7357 | D:7      | Reached skill level 1 in Maces & Flails
  7688 | D:7      | Found Gankuguf's Antique Armour Shoppe.
  7697 | D:7      | Bought a pair of glowing gloves for 210 gold pieces
  7950 | D:7      | Reached skill level 10 in Fighting
  8134 | D:8      | Noticed a two-headed ogre
  8151 | D:8      | Mangled by a two-headed ogre

Illustrated notes

Levels and vault maps discovered:
D:1:      dpeg_arrival_central, layout_loops_ring, minmay_bisected
D:2:      layout_basic, serial_shops, nicolae_shop_trees, nicolae_shop_stone,
          nicolae_shop_behind_doors, shop, shop, basic_altar,
          shapermc_ecumenical_altar_mp_vishouse, uniq_crazy_yiuf_cottage,
          uniq_sigmund
D:3:      kennysheep_goblin_castle, layout_loops_ring, ebering_ghost_sewer_f
D:4:      layout_loops_ring, minmay_temple_entry_trees
D:5:      layout_rooms
D:6:      layout_cave_pools, grunt_ministairs_9, sigmund_army
D:7:      layout_basic, serial_shops, nicolae_square_shop
D:8:      nzn_winding_woodlands_three_and_one
          [nzn_winding_woodlands_5x15_sidewinder,
          nzn_winding_woodlands_5x15_zeroes, nzn_winding_woodlands_5x15_pockets,
          nzn_winding_woodlands_center_lodge], layout_basic,
          ebering_ghost_inner_flame
Temple:   mainiacjoe_temple_big_plus

Skill      XL: |  1  2  3  4  5  6  7  8  9 |
---------------+----------------------------+-----
Fighting       | 4 5 6 7 9 10 | 10.4
Short Blades   | 1 3 4 5 7 |  7.7
Shields        | 4 5 6 7 |  7.8
Armour         | 4 5 6 7 |  7.6
Maces & Flails | 4 |  4.1
Polearms       | |  2.4

Action                   |  1- 3 |  4- 6 |  7- 9 || total
-------------------------+-------+-------+-------++-------
Melee: Short sword       |    78 |   108 |   323 ||   509
       Headbutt          |     9 |    10 |   106 ||   125
       Flail             |       |       |    84 ||    84
  Use: Scroll            |     1 |     8 |     9 ||    18
       Potion            |     1 |     2 |     1 ||     4
Armor: Scale mail        |    33 |    15 |     5 ||    53
       Skin              |       |    18 |       ||    18
       Plate armour      |       |       |   213 ||   213
Dodge: Dodged            |    28 |    18 |    91 ||   137
Block: Buckler           |    15 |    15 |    49 ||    79
       Kite shield       |       |       |    85 ||    85

Table legend: (Time is in decaauts)
 A = Elapsed time spent in this place.
 B = Non-inter-level travel time spent in this place.
 C = Inter-level travel time spent in this place.
 D = Time resting spent in this place.
 E = Time spent auto-exploring this place.
 F = Levels seen in this place.
 G = Mean time per level.
                   A        B        C        D        E       F      G
               +--------+--------+--------+--------+--------+-----+--------+
         Total |   8015 |   7595 |    420 |    642 |   5349 |   9 |  890.6 |
       Dungeon |   7599 |   7239 |    360 |    642 |   5006 |   8 |  949.9 |
        Temple |    415 |    355 |     60 |      0 |    343 |   1 |  415.0 |
               +--------+--------+--------+--------+--------+-----+--------+

Top non-repeatable levels by time:
     D:3: 1461 daAuts
     D:2: 1253 daAuts
     D:7: 1078 daAuts
     D:6: 1075 daAuts
     D:1: 1058 daAuts
     D:5: 1010 daAuts
     D:4: 515 daAuts
  Temple: 415 daAuts
     D:8: 145 daAuts
